 Dungeon Crawl Stone Soup version 0.30-a0-719-gcc4359ea44 (webtiles) character file.

Game seed: 17658393744086158575

1742 Hubris850 the Cleaver (level 8, 0/59 HPs)
             Began as a Demonspawn Gladiator on Jan 26, 2023.
             Was an Initiate of Yredelemnul.
             Killed from afar by a white imp (5 damage)
             ... with a puff of frost
             ... on level 7 of the Dungeon.
             The game lasted 00:12:58 (4279 turns).

Hubris850 the Cleaver (Demonspawn Gladiator)        Turns: 4279, Time: 00:12:59

Health: 0/59       AC:  8    Str: 16    XL:     8   Next: 77%
Magic:  0/8        EV: 13    Int: 11    God:    Yredelemnul [......]
Gold:   383        SH:  0    Dex: 14    Spells: 7/7 levels left

rFire   . . .      SeeInvis .    x - +2 war axe (venom)
rCold   . . .      Faith    .    (no shield)
rNeg    + . .      Spirit   +    b - +0 leather armour
rPois   .          Reflect  .    c - +0 helmet
rElec   .          Harm     .    l - +0 cloak
rCorr   .          Rampage  .    v - +0 pair of gloves
Will    .....                    E - +0 pair of boots
Stlth   +                        k - amulet of guardian spirit
HPRegen 0.29/turn                w - ring of positive energy
MPRegen 0.22/turn                (no ring)

@: no status effects
A: rugged brown scales 1, powered by pain 3, magic regeneration
a: Renounce Religion, Recall Undead Harvest


You were on level 7 of the Dungeon.
You worshipped Yredelemnul.
Yredelemnul was noncommittal.
You visited 2 branches of the dungeon, and saw 8 of its levels.

You collected 383 gold pieces.

Inventory:

Hand Weapons
 a - a +0 war axe
 p - the +8 dagger of Wonderful Defiance {freeze, Will+ Dex+3}
   (You found it on level 2 of the Dungeon)

   Dex:       It affects your dexterity (+3).
   Will:      It increases your willpower.
 x - a +2 war axe of venom (weapon)
Missiles
 d - 3 throwing nets
 s - 3 poisoned darts
 C - 3 boomerangs (quivered)
 J - a silver boomerang
 O - 3 atropa-tipped darts
Armour
 b - a +0 leather armour (worn)
 c - a +0 helmet (worn)
 l - a +0 cloak (worn)
 v - a +0 pair of gloves (worn)
 E - a +0 pair of boots (worn)
 I - a +1 robe of resistance
Jewellery
 k - an amulet of guardian spirit (around neck)
 w - a ring of positive energy (left hand)
 M - a ring of positive energy
Wands
 n - a wand of iceblast (12)
 L - a wand of charming (12)
Scrolls
 i - 5 scrolls of teleportation {unknown}
 j - 2 scrolls of fear {unknown}
 o - 2 scrolls of magic mapping {unknown}
 t - 7 scrolls of identify {unknown}
 u - 2 scrolls of enchant weapon {unknown}
 y - a scroll of amnesia {unknown}
 A - 2 scrolls of blinking {unknown}
 B - a scroll of immolation {unknown}
 G - 2 scrolls of noise {unknown}
 H - a scroll of butterflies {unknown}
 K - a scroll of enchant armour {unknown}
 N - a scroll of fog {unknown}
Potions
 f - 4 potions of heal wounds {unknown}
 g - 4 potions of curing {unknown}
 h - 2 potions of berserk rage {unknown}
 m - 2 potions of attraction {unknown}
 q - a potion of magic {unknown}
 r - 2 potions of might
 z - a potion of brilliance {unknown}
 D - a potion of flight {unknown}
 F - a potion of lignification {unknown}


   Skills:
 - Level 3.0 Fighting
 + Level 8.3 Axes
 - Level 6.0 Throwing
 - Level 4.0 Dodging


You had 7 spell levels left.
You didn't know any spells.
Your spell library contained the following spells:

 Spells                   Type           Power      Damage    Failure   Level
 Ignite Poison            Fire/Tmut/Pois 0%         N/A       78%         3
 Kindle Blastsparks       Fire/Tloc/Air  0%         2d10      78%         3
 Freezing Cloud           Conj/Ice/Air   0%         6-21      100%        5


Dungeon Overview and Level Annotations

Branches:
Dungeon (7/15)             Temple (1/1) D:6

Altars:
Ashenzari
Dithmenos
Fedhas
Gozag
Hepliaklqana
Kikubaaqudgha
Nemelex Xobeh
Ru
Trog
Vehumet
Wu Jian
Xom
Yredelemnul


Innate Abilities, Weirdness & Mutations

You are partially covered in rugged brown scales. (AC +1, +3% HP)
You are powered by pain.
You regenerate magic rapidly.


Message History

Throw: 3 boomerangs
Press: ? - help, Q - select action, (/) - cycle Shift-Dir - straight line, f/p - ogre
Aim: an ogre, wielding a +0 giant club (lightly wounded, 77% to hit)
You throw a boomerang. The boomerang closely misses the ogre.
Your orc zombie barely misses the white imp.
Throw: 4 throwing nets
Press: ? - help, Shift-Dir - straight line, f/p - ogre
Aim: an ogre, wielding a +0 giant club (lightly wounded, 77% to hit)
You throw a throwing net. The throwing net hits the ogre.
The ogre is caught in the net!
The ogre is lightly wounded.
The ogre struggles against the net.
Your orc zombie barely misses the white imp.
Throw: javelin
Press: ? - help, Shift-Dir - straight line, f/p - ogre
Aim: an ogre, wielding a +0 giant club (lightly wounded, entangled in a net, 94% to hit)
You throw a javelin.
The javelin pierces through the ogre but does no damage.
The ogre is lightly wounded.
The white imp gestures at you. The puff of frost hits you!
* * * LOW HITPOINT WARNING * * *
The ogre struggles against the net.
Your orc zombie closely misses the white imp.
Throw: boomerang (silver)
Press: ? - help, Shift-Dir - straight line, f/p - ogre
Aim: an ogre, wielding a +0 giant club (lightly wounded, entangled in a net, 94% to hit)
You throw a silver boomerang. The silver boomerang hits the ogre!
The ogre is severely wounded.
The ogre struggles against the net.
Throw: boomerang (silver)
Press: ? - help, Shift-Dir - straight line, f/p - ogre
Aim: an ogre, wielding a +0 giant club (severely wounded, entangled in a net, 94% to hit)
You throw a silver boomerang.
The silver boomerang hits the ogre but does no damage.
The ogre is severely wounded.
The white imp gestures at you. The puff of frost hits you!
You die...
Your body rises from the dead as a mindless zombie.

.......!#.##...#
#.....#........#
..#...#.....#..#..
. #.........$.....
..#...............
........(.........
..................
####.<...........
#..)@).........
#....))......#...
#..Z5O.....###...
............# ..
............#
..............
............$..
...(..........#


You could see an ogre (caught), a white imp (ally target) and a friendly orc
zombie.

Vanquished Creatures
  The ghost of wormed the Ducker, a novice GnWn (D:5)
  3 black bears
  An ice beast (D:6)
  A centaur (D:5)
  A gnoll sergeant (D:6)
  5 scorpions
  3 orc priests
  A jelly (D:7)
  An iguana (D:5)
  3 orc wizards
  16 gnolls
  3 adders
  3 shadow imps
  An ufetubus (D:6)
  3 dart slugs
  24 orcs
  5 endoplasms
  6 giant cockroaches
  7 goblins
  4 hobgoblins
  3 jackals
  2 quokkas (D:1)
  5 ball pythons
  5 bats
  4 frilled lizards
  8 kobolds
  6 rats
125 creatures vanquished.

Vanquished Creatures (others)
  A spectral shadow imp (D:7)
  2 gnoll zombies (D:6)
  3 orc zombies (D:7)
6 creatures vanquished.

Grand Total: 131 creatures vanquished

Notes
Turn   | Place    | Note
-------+----------+-------------------------------------------
     0 | D:1      | Hubris850 the Demonspawn Gladiator began the quest for the
                  | Orb.
     0 | D:1      | Reached XP level 1. HP: 16/16 MP: 1/1
   150 | D:1      | Gained mutation: You sometimes gain a little power by
                  | taking damage. [demonic ancestry]
   150 | D:1      | Reached XP level 2. HP: 19/22 MP: 2/2
   518 | D:1      | Reached skill level 3 in Axes
   665 | D:2      | Gained mutation: You sometimes gain power by taking damage.
                  | [demonic ancestry]
   665 | D:2      | Reached XP level 3. HP: 26/28 MP: 1/3
  1105 | D:2      | Identified the +8 dagger of Wonderful Defiance {freeze,
                  | Will+ Dex+3}
  1387 | D:3      | Gained mutation: You are powered by pain. [demonic
                  | ancestry]
  1387 | D:3      | Reached XP level 4. HP: 32/34 MP: 2/4
  1532 | D:3      | Found a faded altar of an unknown god.
  1600 | D:3      | Found an ancient bone altar of Kikubaaqudgha.
  1646 | D:3      | You fall into a shaft and drop 1 floor!
  1907 | D:4      | Noticed a scorpion
  1914 | D:4      | Killed a scorpion
  1915 | D:4      | Gained mutation: You are partially covered in rugged brown
                  | scales. (AC +1, +3% HP) [demonic ancestry]
  1915 | D:4      | Reached XP level 5. HP: 31/42 MP: 5/5
  2113 | D:4      | Found a sparkling altar of Nemelex Xobeh.
  2371 | D:5      | Entered Level 5 of the Dungeon
  2392 | D:5      | Reached skill level 4 in Axes
  2483 | D:5      | Reached XP level 6. HP: 26/48 MP: 3/6
  2924 | D:5      | Found a runed translucent door.
  2961 | D:5      | Noticed wormed's ghost (novice GnWn)
  2994 | D:5      | Reached skill level 5 in Axes
  2994 | D:5      | Reached XP level 7. HP: 49/53 MP: 5/7
  3172 | D:5      | Killed wormed's ghost
  3173 | D:5      | Reached skill level 6 in Axes
  3173 | D:5      | Reached skill level 5 in Throwing
  3173 | D:5      | Gained mutation: You regenerate magic rapidly. [demonic
                  | ancestry]
  3173 | D:5      | Reached XP level 8. HP: 46/59 MP: 5/8
  3548 | D:6      | Reached skill level 7 in Axes
  3637 | D:6      | Found a staircase to the Ecumenical Temple.
  3707 | Temple   | Entered the Ecumenical Temple
  3798 | Temple   | Became a worshipper of Yredelemnul the Dark
  4064 | D:6      | Found a radiant altar of Vehumet.
  4262 | D:7      | Reached skill level 8 in Axes
  4268 | D:7      | Reached * piety under Yredelemnul
  4279 | D:7      | Killed from afar by a white imp

Illustrated notes

Levels and vault maps discovered:
D:1:      zelgadis_glass_arrival_small, layout_rooms, minmay_tetromino_o4
D:2:      layout_loops_ring
D:3:      layout_basic, mainiacjoe_overflow_catwalk,
          shapermc_ecumenical_altar_venn
D:4:      layout_loops_cross, nemelex_xobeh_ov_fountains_minmay
D:5:      layout_rooms, ebering_ghost_reflecting_pool
D:6:      layout_cave_pools, lemuel_coloured_pillars_altar, temple_green,
          kennysheep_generic_room_4
D:7:      layout_cave_pools, serial_shops, shop, uniq_maggie
Temple:   eino_temple_rhombus

Skill      XL: |  1  2  3  4  5  6  7  8 |
---------------+-------------------------+-----
Throwing       | 2 3 4 5 6 |  6.0
Axes           | 3 4 5 6 8 |  8.3
Dodging        | 3 4 |  4.0
Fighting       | 3 |  3.0

Action                     |  1- 3 |  4- 6 |  7- 9 || total
---------------------------+-------+-------+-------++-------
  Melee: War axe           |   128 |    73 |    91 ||   292
         Punch             |     1 |       |     1 ||     2
         Dagger            |    17 |    25 |       ||    42
  Throw: Boomerang         |       |       |     5 ||     5
         Javelin           |       |       |     1 ||     1
         Throwing net      |       |       |     1 ||     1
    Use: Potion            |       |       |     1 ||     1
   Stab: Sleeping          |     1 |     2 |       ||     3
 Armour: Leather armour    |    53 |    35 |    56 ||   144
  Dodge: Dodged            |   110 |    83 |    89 ||   282

Table legend: (Time is in decaauts)
 A = Elapsed time spent in this place.
 B = Non-inter-level travel time spent in this place.
 C = Inter-level travel time spent in this place.
 D = Time resting spent in this place.
 E = Time spent auto-exploring this place.
 F = Levels seen in this place.
 G = Mean time per level.
                   A        B        C        D        E       F      G
               +--------+--------+--------+--------+--------+-----+--------+
         Total |   4359 |   4219 |    140 |    347 |   2961 |   8 |  544.9 |
       Dungeon |   4252 |   4128 |    124 |    347 |   2891 |   7 |  607.4 |
        Temple |    107 |     91 |     16 |      0 |     70 |   1 |  107.0 |
               +--------+--------+--------+--------+--------+-----+--------+

Top non-repeatable levels by time:
     D:6: 896 daAuts
     D:5: 887 daAuts
     D:4: 732 daAuts
     D:1: 690 daAuts
     D:2: 600 daAuts
     D:3: 400 daAuts
  Temple: 107 daAuts
     D:7: 44 daAuts
